 Dungeon Crawl Stone Soup version 0.18-a0-1788-g92de1ac (webtiles) character file.

189 Shotgun the Skirmisher (level 5, -1/46 HPs)
             Began as a Draconian Transmuter on Apr 20, 2016.
             Killed from afar by an orc wizard (7 damage)
             ... with a puff of flame
             ... on level 4 of the Dungeon.
             The game lasted 00:11:01 (3657 turns).

Shotgun the Skirmisher (Draconian Transmuter)       Turns: 3657, Time: 00:11:03

Health: -1/46      AC:  5    Str: 13    XL:     5   Next: 40%
Magic:  8/8        EV: 13    Int: 14    God:
Gold:   243        SH:  0    Dex: 14    Spells: 1 memorised, 7 levels left

rFire  . . .     SeeInvis .     l - +0 short sword
rCold  . . .     Gourm    .     (armour unavailable)
rNeg   . . .     Faith    .     (no shield)
rPois  .         Spirit   .     (helmet restricted)
rElec  .         Dismiss  .     (no cloak)
rCorr  .         Reflect  .     (no gloves)
SustAt .         Harm     .     (no boots)
MR     .....                    t - amulet of magic regeneration
Stlth  ++........               k - +3 ring of dexterity
                                d - ring of stealth

@: not resistant to hostile enchantments, unstealthy
A: unfitting armour, cold-blooded, AC +5
a: no special abilities


You were on level 4 of the Dungeon.
You were hungry.

You visited 1 branch of the dungeon, and saw 4 of its levels.

You collected 243 gold pieces.

Inventory:

Hand Weapons
 l - a +0 short sword (weapon)
Missiles
 a - 33 arrows
 h - 3 tomahawks (quivered)
 u - 7 javelins of penetration
Jewellery
 d - a ring of stealth (left hand)
 k - a +3 ring of dexterity (right hand)
 o - an uncursed amulet of guardian spirit
 t - an amulet of magic regeneration (around neck)
Scrolls
 c - a scroll of identify
 e - 2 scrolls of recharging {unknown}
 f - 3 scrolls of amnesia {unknown}
 i - 2 scrolls of remove curse {unknown}
 p - a scroll of fog {unknown}
Potions
 j - a potion of berserk rage
 m - a potion of resistance {unknown}
Books
 b - a book of Changes

   Spells                             Type                      Level
   a - Beastly Appendage              Transmutation                1
   b - Sticks to Snakes               Transmutation                2
   c - Spider Form                    Transmutation/Poison         3
   d - Ice Form                       Ice/Transmutation            4
   e - Blade Hands                    Transmutation                5
Comestibles
 g - a meat ration
 q - a slice of pizza
 r - a beef jerky


   Skills:
 + Level 4.0 Fighting
 + Level 3.5 Dodging
 - Level 3.0 Unarmed Combat
 - Level 2.0 Spellcasting
 + Level 2.7 Transmutations


You had 7 spell levels left.
You knew the following spells:

 Your Spells              Type           Power        Failure   Level  Hunger
a - Beastly Appendage     Trmt           #.....       10%         1    ##.....


Dungeon Overview and Level Annotations

Branches:
Dungeon (4/15)
 Temple: D:4-7

Altars:
Yredelemnul

Annotations:
D:3 Gruesome's ghost, amateur DsGl
D:4 George's ghost, amateur FoFi


Innate Abilities, Weirdness & Mutations

Your plain brown scales are hard (AC +5).
Your body does not fit into most forms of armour.
You are cold-blooded and may be slowed by cold attacks.


Message History

The puff of frost hits you!
* * * LOW HITPOINT WARNING * * *
You are feeling hungry.
You miss something. You tail-slap something. Something hits you.
* * * LOW HITPOINT WARNING * * *
The orc closely misses you. Something hits you but does no damage.
You closely miss something. The orc closely misses you.
Something hits you but does no damage.
You hit something. You tail-slap something. Something hits you.
* * * LOW HITPOINT WARNING * * *
The orc barely misses you. Something hits you but does no damage.
You hit something. You tail-slap something.
Something hits you but does no damage. The orc hits you but does no damage.
You hit something but do no damage.
Your tail-slap misses something.
Your punch misses something. The orc hits you with a club.
* * * LOW HITPOINT WARNING * * *
You hear some strange, mumbled words.
A puff of flame appears from out of thin air!
The puff of flame hits you!
You die...

#.......#
##########.#####.#
#..........### #.#
#..##........# #.#
##...#.###..#.###.#
#......###........#
##.........##.#####
#.#####.##{######.#
.........o@# #.#
#.#####.#### #.#
##'## ######.#
##{..###......#
##.....##......#
##..<.รท..#......##
###................##
..'.................#
###..........###...##


You could see an orc.

Vanquished Creatures
  A scorpion (D:4)
  An orc wizard (D:2)
  3 adders (D:2)
  A worm (D:3)
  3 giant geckos
  3 orcs
  2 ball pythons (D:2)
  3 giant cockroaches
  13 goblins
  8 hobgoblins
  4 jackals
  11 kobolds
  2 quokkas (D:2)
  5 bats
  4 giant newts
  9 rats
73 creatures vanquished.

Notes
Turn   | Place    | Note
--------------------------------------------------------------
     0 | D:1      | Shotgun the Draconian Transmuter began the quest for the Orb.
     0 | D:1      | Reached XP level 1. HP: 16/16 MP: 3/3
   460 | D:1      | Reached skill level 2 in Fighting
   478 | D:1      | Reached XP level 2. HP: 11/24 MP: 5/5
  1390 | D:1      | Reached XP level 3. HP: 26/30 MP: 6/6
  1680 | D:2      | Reached skill level 3 in Fighting
  1993 | D:2      | Reached XP level 4. HP: 31/38 MP: 1/7
  2295 | D:3      | Noticed Gruesome's ghost (amateur DsGl)
  3066 | D:3      | Found a basalt altar of Yredelemnul.
  3259 | D:4      | Noticed George's ghost (amateur FoFi)
  3478 | D:4      | Reached XP level 5. HP: 9/46 MP: 8/8
  3483 | D:4      | HP: 2/46 [poisoned by a scorpion]
  3646 | D:4      | Reached skill level 4 in Fighting
  3657 | D:4      | Killed from afar by an orc wizard

Vault maps used:
D:1:      dpeg_arrival_rooms_with_view
D:3:      yredelemnul_altar_generic
D:4:      first_bread, st_stairs_10, grunt_qazlal_sundering, uniq_natasha,
          uniq_eustachio

Skill      XL: |  1  2  3  4  5 |
---------------+----------------+-----
Fighting       | 2 3 4 |  4.0
Dodging        | 2 3 |  3.5
Unarmed Combat | |  3.0
Spellcasting   | |  2.0
Transmutations | |  2.7

Action                   |  1- 3 |  4- 6 || total
-------------------------+-------+-------++-------
Melee: Unarmed           |   101 |       ||   101
       Tailslap          |    11 |    25 ||    36
       Short sword       |    61 |   196 ||   257
       Punch             |       |     6 ||     6
  Use: Scroll            |     1 |     1 ||     2
       Potion            |       |     3 ||     3
 Stab: Sleeping          |     2 |     4 ||     6
  Eat: Bread ration      |     1 |       ||     1
       Meat ration       |       |     1 ||     1
Armor: Skin              |    60 |    68 ||   128
Dodge: Dodged            |   125 |   144 ||   269
